 Dungeon Crawl Stone Soup version 0.24-a0-699-g5a66b1aa3b (webtiles) character file.

Game seed: 2486213005109857282, levelgen mode: deterministic

26954 MordorOrchid the Carver (level 13, -1/81 HPs)
             Began as an Octopode Fighter on Sept 28, 2019.
             Was a High Priest of Sif Muna.
             Slain by a black mamba (8 damage)
             ... on level 3 of the Lair of Beasts on Sept 29, 2019.
             The game lasted 01:20:31 (16377 turns).

MordorOrchid the Carver (Octopode Fighter)         Turns: 16377, Time: 01:20:32

Health: -1/81      AC:  1    Str: 15    XL:     13   Next: 29%
Magic:  21/25      EV: 15    Int: 14    God:    Sif Muna [*****.]
Gold:   690        SH: 12    Dex: 13    Spells: 9/28 levels left

rFire    . . .     SeeInvis +   y - +3 dagger (elec)
rCold    + . .     Gourm    .   b - +1 shield
rNeg     + . .     Faith    .   (helmet restricted)
rPois    +         Spirit   .   J - amulet of rage
rElec    .         Reflect  .   w - ring of poison resistance
rCorr    .         Harm     .   r - ring of see invisible
MR       .....                  S - ring of positive energy
Stlth    ++++......             X - ring of protection from cold
HPRegen  0.23/turn              (no ring)
MPRegen  0.19/turn              (no ring)
                                (no ring)
                                (no ring)

@: no status effects
A: almost no armour, stealthy swim, amphibious, 8 rings, constrict 8, camouflage
1, gelatinous body 1
a: Channel Magic, Forget Spell, Divine Exegesis, Renounce Religion, Evoke
Berserk Rage


You were on level 3 of the Lair of Beasts.
You worshipped Sif Muna.
Sif Muna was extremely pleased with you.
You were not hungry.

You visited 3 branches of the dungeon, and saw 17 of its levels.

You collected 803 gold pieces.
You spent 113 gold pieces at shops.

Inventory:

Hand Weapons
 a - a +2 scimitar of slicing
 g - a +0 long sword
 j - a +0 hunting sling of flaming
 y - a +3 dagger of electrocution (weapon)
 V - a +2 dagger of venom
Missiles
 i - 15 boomerangs
 l - 31 poisoned darts (quivered)
 A - 171 sling bullets
 L - 7 javelins
 N - 5 datura-tipped darts
 Q - 3 throwing nets
Armour
 b - a +1 shield (worn)
 U - a +0 buckler of positive energy
Jewellery
 r - a ring of see invisible (right tentacle)
 w - a ring of poison resistance (left tentacle)
 J - an amulet of rage (around mantle)
 S - a ring of positive energy (on tentacle)
 X - a ring of protection from cold (on tentacle)
Wands
 t - a wand of digging (18)
 v - a wand of polymorph (8)
 z - a wand of random effects (25)
 M - a wand of acid (2)
 P - a wand of flame (61)
 T - a wand of scattershot (5)
Scrolls
 c - 6 scrolls of teleportation
 e - a scroll of torment {unknown}
 f - 4 scrolls of remove curse
 k - 4 scrolls of immolation
 n - a scroll of amnesia {unknown}
 q - 2 scrolls of blinking
 u - a scroll of enchant weapon {unknown}
 B - 2 scrolls of fog
 C - a scroll of silence {unknown}
 E - a scroll of magic mapping
 K - a scroll of vulnerability
 Y - a scroll of holy word {unknown}
 Z - a scroll of enchant armour
Potions
 h - a potion of berserk rage
 o - 6 potions of haste
 s - 2 potions of brilliance
 x - 3 potions of agility
 D - a potion of ambrosia {unknown}
 F - a potion of magic {unknown}
 G - 2 potions of flight {unknown}
 I - 4 potions of heal wounds
 O - 2 potions of invisibility
 R - 3 potions of lignification
 W - 3 potions of curing
Comestibles
 d - 27 rations
 m - 5 chunks of flesh
 p - 2 inedible chunks of flesh


   Skills:
 - Level 5.0 Fighting
 * Level 10.7 Long Blades
 - Level 6.2 Dodging
 - Level 7.1 Stealth
 * Level 10.3 Shields
 + Level 8.1 Spellcasting
 - Level 3.1 Hexes
 - Level 3.0 Charms
 * Level 6.2 Summonings
 * Level 4.3 Necromancy
 - Level 2.0 Translocations
 * Level 4.6 Air Magic
 - Level 6.0 Evocations


You had 9 spell levels left.
You knew the following spells:

 Your Spells              Type           Power        Failure   Level  Hunger
a - Call Imp              Summ           ###.....     2%          2    None
b - Song of Slaying       Chrm           ##......     10%         2    None
c - Call Canine Familiar  Summ           ###.....     5%          3    ##.....
j - Summon Lightning Spi  Summ/Air       ###.....     24%         4    ####...
k - Regeneration          Chrm/Necr      ###.......   16%         3    ##.....
u - Animate Skeleton      Necr           N/A          3%          1    None
y - Shroud of Golubria    Chrm/Tloc      ##....       12%         2    None
z - Apportation           Tloc           ##....       10%         1    None
A - Confusing Touch       Hex            ##....       6%          1    None

Your spell library contained the following spells:

 Spells                   Type           Power        Failure   Level  Hunger
 Summon Small Mammal      Summ           ###.         1%          1    None
 Pain                     Necr           ###.         3%          1    None
 Corona                   Hex            ##.....      6%          1    None
 Infusion                 Chrm           ##..         7%          1    None
 Slow                     Hex            ##......     10%         2    None
 Summon Guardian Golem    Hex/Summ       ###.....     10%         3    ##.....
 Vampiric Draining        Necr           ###.......   12%         3    ##.....
 Recall                   Summ/Tloc      N/A          13%         3    ##.....
 Spectral Weapon          Hex/Chrm       ##......     19%         3    ##.....
 Portal Projectile        Hex/Tloc       ##....       24%         3    ##.....
 Inner Flame              Hex/Fire       ##......     34%         3    ##.....
 Animate Dead             Necr           N/A          36%         4    ####...
 Cause Fear               Hex            ##........   52%         4    ####...
 Summon Ice Beast         Ice/Summ       ##......     54%         4    ####...
 Leda's Liquefaction      Hex/Erth       ##........   75%         4    ####...
 Summon Forest            Summ/Tloc      ###.......   75%         5    #####..
 Bolt of Cold             Conj/Ice       #.........   100%        6    #######


Dungeon Overview and Level Annotations

Branches:
Dungeon (12/15)            Temple (1/1) D:4            Lair (4/6) D:8
 Shoals (0/4) Lair:2       Spider (0/4) Lair:2          Orc (0/2) D:10

Altars:
Ashenzari
Cheibriados
Dithmenos
Elyvilon
Fedhas
Gozag
Hepliaklqana
Kikubaaqudgha
Makhleb
Nemelex Xobeh
Okawaru
Qazlal
Ru
Sif Muna
Trog
Uskayaw
Vehumet
Wu Jian
Xom
Yredelemnul
Zin
The Shining One

Shops:
D:9 *

Annotations:
Lair:1 exclusion: oklob plant
Lair:2 3 runed translucent doors, Neppajuco's ghost, journeyman CeAK


Innate Abilities, Weirdness & Mutations

You cannot wear most types of armour.
You are very stealthy in the water. (Stealth+)
You are amphibious.
You can wear up to eight rings at the same time.
You can use your tentacles to constrict eight enemies at once.
Your skin changes colour to match your surroundings (Stealth+).
Your rubbery body absorbs attacks. (AC +1, EV +1)


Message History

There is a stone staircase leading up here.
The black mamba bites you. You block the black mamba's attack.
The yak gores you!
* * * LOW HITPOINT WARNING * * *
You climb upwards.
There is a stone staircase leading down, spattered with blood here.
Unknown command.
The black mamba bites you.
* * * LOW HITPOINT WARNING * * *
You block the yak's attack.
Evoke which item? (* to show all) (? for menu, Esc to quit)
Aiming: Scattershot
Press: ? - help, Shift-Dir - straight line The burst of metal fragments hits the yak! x3
The burst of metal fragments hits the black mamba!
The burst of metal fragments hits the black mamba.
The black mamba is almost dead.
The yak is severely wounded.
The black mamba bites you!
You die...

#######................####.....#
#...............................#
#....................P#P....P....
#P..................P.##.....P.P.
#..............#P...###....#.....
###..#...............##....#....#
####.P.........#...#....#......
## #.........SY................
#.##.....P....@................
##................#............
##..............................
##........#.............P........
.#.......#..............#..(.....
#........######.####.............
##.......###[..#.........#.......
#........#...........(...#.......
##.......................####....


You could see a black mamba and a yak.

Vanquished Creatures
  Snorg (D:11)
  3 hydras
  Nergalle (D:11)
  Urug (Lair:1)
  Pikel (D:7)
  A manticore (D:11)
  An ugly thing (D:11)
  The ghost of Fingolfin the Fighter, a novice CeHu (D:5)
  6 elephants
  4 black mambas
  7 spiny frogs
  2 rime drakes
  A komodo dragon (Lair:2)
  A tengu conjurer (D:12)
  2 trolls
  A queen bee (D:8)
  4 jumping spiders (Lair:2)
  4 hippogriffs
  3 slime creatures (D:9)
  2 wyverns
  11 yaks
  2 vampires (D:12)
  2 basilisks
  A hungry ghost (D:10)
  3 water moccasins
  An acid dragon (D:12)
  11 porcupines
  3 ice beasts
  2 orc warriors
  4 slaves (D:7)
  A hornet zombie (D:9)
  2 sky beasts
  4 phantoms
  7 ogres
  2 necrophages
  4 centaurs
  13 wolves
  8 crocodiles
  A big kobold (D:8)
  14 bullfrogs
  3 scorpions
  A wyvern skeleton (D:10)
  28 killer bees
  2 howler monkeys
  2 vampire bats (Lair:3)
  5 crimson imps
  11 hounds
  9 orc wizards
  A centaur skeleton (D:10)
  6 orc priests
  2 bullfrog skeletons
  2 bullfrog zombies
  Ijyb (D:5)
  9 worker ants
  A killer bee zombie (D:8)
  A hound skeleton (D:8)
  3 gnolls (D:6)
  10 adders
  2 shadow imps (D:6)
  2 adder zombies
  An adder skeleton (D:6)
  6 worms
  4 dart slugs
  9 leopard geckos
  34 orcs
  4 ball pythons
  13 bats
  2 giant cockroaches
  5 goblins
  7 hobgoblins
  2 jackals (D:2)
  5 kobolds
  5 quokkas
  5 frilled lizards
  A jackal zombie (D:4)
  A leopard gecko zombie (D:5)
  A quokka skeleton (D:4)
  A quokka zombie (D:5)
  7 rats
357 creatures vanquished.

Vanquished Creatures (collateral kills)
  A wolf spider (Lair:2)
  2 elephants
  A spiny frog (Lair:2)
  A yak (Lair:3)
  A porcupine (Lair:4)
  2 vampire bats (Lair:3)
  3 bats (Lair:3)
11 creatures vanquished.

Vanquished Creatures (others)
  11 fungi
  11 plants
22 creatures vanquished.

Grand Total: 390 creatures vanquished

Notes
Turn   | Place    | Note
-------+----------+-------------------------------------------
     0 | D:1      | MordorOrchid the Octopode Fighter began the quest for the
                  | Orb.
     0 | D:1      | Reached XP level 1. HP: 16/16 MP: 1/1
   281 | D:1      | Reached XP level 2. HP: 16/21 MP: 2/2
   477 | D:1      | Reached XP level 3. HP: 26/26 MP: 3/3
  1160 | D:2      | Reached XP level 4. HP: 24/31 MP: 4/4
  1686 | D:3      | Found a burning altar of Makhleb.
  1693 | D:3      | Reached XP level 5. HP: 26/36 MP: 5/5
  1835 | D:3      | Found a blossoming altar of Fedhas.
  2214 | D:4      | Noticed an ogre
  2222 | D:4      | Killed an ogre
  2222 | D:4      | Reached skill level 5 in Long Blades
  2222 | D:4      | Reached XP level 6. HP: 42/42 MP: 6/6
  2408 | D:4      | Reached XP level 7. HP: 36/46 MP: 7/7
  2437 | D:4      | Reached skill level 5 in Shields
  2695 | D:4      | Found an ancient bone altar of Kikubaaqudgha.
  2697 | D:4      | Found a shimmering altar of Xom.
  2697 | D:4      | Found a radiant altar of Vehumet.
  2699 | D:4      | Found a shadowy altar of Dithmenos.
  2699 | D:4      | Found a shimmering altar of Xom.
  2699 | D:4      | Found a hide-covered altar of Uskayaw.
  2849 | D:4      | Found a sacrificial altar of Ru.
  3054 | D:4      | Reached XP level 8. HP: 45/52 MP: 8/8
  3148 | D:4      | Found a staircase to the Ecumenical Temple.
  3165 | Temple   | Entered the Ecumenical Temple
  3210 | Temple   | Became a worshipper of Sif Muna the Loreminder
  3513 | D:5      | Entered Level 5 of the Dungeon
  3521 | D:5      | Found a burning altar of Makhleb.
  3634 | D:5      | Found a transporter.
  3634 | D:5      | Noticed Fingolfin's ghost (novice CeHu)
  3654 | D:5      | Found a transporter.
  3711 | D:5      | Reached skill level 1 in Stealth
  3711 | D:5      | Reached skill level 1 in Evocations
  3748 | D:5      | Killed Fingolfin's ghost
  3748 | D:5      | Reached skill level 1 in Spellcasting
  4370 | D:5      | Noticed Ijyb
  4379 | D:5      | Killed Ijyb
  4644 | D:5      | Reached XP level 9. HP: 26/56 MP: 11/11
  5076 | D:6      | Reached * piety under Sif Muna
  5796 | D:7      | Found an ancient bone altar of Kikubaaqudgha.
  5877 | D:7      | Noticed Pikel
  6077 | D:7      | Found a hide-covered altar of Uskayaw.
  6126 | D:7      | Found a shadowy altar of Dithmenos.
  6246 | D:7      | Found a bloodstained altar of Trog.
  6336 | D:7      | Learned a level 2 spell: Call Imp
  6535 | D:7      | Killed Pikel
  6535 | D:7      | Reached skill level 5 in Dodging
  6535 | D:7      | Reached skill level 1 in Summonings
  6740 | D:8      | Found a snail-covered altar of Cheibriados.
  7212 | D:8      | Found a glowing golden altar of the Shining One.
  7212 | D:8      | Found a stormy altar of Qazlal.
  7221 | D:8      | Reached XP level 10. HP: 26/63 MP: 14/14
  7472 | D:8      | Reached skill level 5 in Stealth
  7855 | D:8      | Found a staircase to the Lair.
  8048 | D:8      | Reached ** piety under Sif Muna
  8626 | D:8      | Found a white marble altar of Elyvilon.
  8955 | D:9      | Reached skill level 5 in Fighting
  8966 | D:9      | Learned a level 1 spell: Confusing Touch
  8968 | D:9      | Learned a level 1 spell: Animate Skeleton
  9098 | D:9      | Found Voucsyfu's General Store.
  9106 | D:9      | Bought a scroll of noise for 13 gold pieces
  9106 | D:9      | Bought a potion of degeneration for 13 gold pieces
  9106 | D:9      | Bought a scroll of identify for 26 gold pieces
  9106 | D:9      | Bought a +0 hunting sling of flaming for 61 gold pieces
  9657 | D:9      | Reached skill level 1 in Necromancy
  9787 | D:9      | Reached XP level 11. HP: 71/71 MP: 17/17
  9819 | D:10     | Entered Level 10 of the Dungeon
  9835 | D:10     | Reached skill level 1 in Hexes
 10299 | D:10     | Reached skill level 5 in Evocations
 10314 | D:10     | Reached *** piety under Sif Muna
 10479 | D:10     | Found a staircase to the Orcish Mines.
 11135 | D:11     | Noticed a cyan ugly thing
 11145 | D:11     | Killed a cyan ugly thing
 11151 | D:11     | Noticed a manticore
 11168 | D:11     | Killed a manticore
 11168 | D:11     | Reached skill level 10 in Long Blades
 11563 | D:11     | Learned a level 3 spell: Call Canine Familiar
 11568 | D:11     | Learned a level 4 spell: Summon Lightning Spire
 11588 | D:11     | Noticed Nergalle
 12007 | D:11     | Reached skill level 1 in Air Magic
 12012 | D:11     | Noticed a spectral orc warlord
 12019 | D:11     | Killed Nergalle
 12117 | D:11     | Noticed Snorg
 12331 | D:11     | Killed Snorg
 12331 | D:11     | Reached skill level 5 in Spellcasting
 12450 | D:12     | Reached **** piety under Sif Muna
 12517 | D:12     | Noticed a five-headed hydra
 12518 | D:12     | Noticed a four-headed hydra
 12524 | D:12     | Killed a four-headed hydra
 12533 | D:12     | Reached XP level 12. HP: 22/77 MP: 17/19
 12567 | D:11     | Learned a level 3 spell: Regeneration
 12696 | D:12     | Noticed a two-headed ogre
 12931 | D:12     | Identified the +9 long sword of Tomorrow {flame, rElec
                  | Str+2 Stlth+}
 12931 | D:12     | Noticed a death knight
 13091 | Lair:1   | Entered Level 1 of the Lair of Beasts
 13219 | Lair:1   | Reached skill level 1 in Charms
 13399 | Lair:1   | Noticed an eight-headed hydra
 13402 | Lair:1   | Noticed Urug
 13408 | Lair:1   | HP: 3/77 [eight-headed hydra (11)]
 13652 | Lair:1   | Found a burning altar of Makhleb.
 13680 | Lair:1   | Reached skill level 5 in Summonings
 13877 | Lair:1   | Killed an eight-headed hydra
 13971 | Lair:1   | Killed Urug
 14164 | Lair:1   | Learned a level 1 spell: Apportation
 14170 | Lair:1   | Learned a level 2 spell: Shroud of Golubria
 14411 | Lair:2   | Found a runed translucent gate.
 14411 | Lair:2   | Found a runed translucent gate.
 14412 | Lair:2   | Found a runed translucent gate.
 14416 | Lair:2   | Noticed Neppajuco's ghost (journeyman CeAK)
 14592 | Lair:2   | Reached skill level 1 in Translocations
 14665 | Lair:2   | Upgraded the game from 0.24-a0-693-g39a19ac0f1 to
                  | 0.24-a0-699-g5a66b1aa3b
 14668 | Lair:2   | Noticed a five-headed hydra
 14679 | Lair:2   | Killed a five-headed hydra
 14729 | Lair:2   | Found a staircase to the Shoals.
 14779 | Lair:2   | Found a hole to the Spider Nest.
 14991 | Lair:2   | Reached skill level 10 in Shields
 15136 | Lair:2   | Learned a level 2 spell: Song of Slaying
 15437 | Lair:3   | Reached XP level 13. HP: 77/81 MP: 24/24
 15999 | Lair:3   | Reached ***** piety under Sif Muna
 16190 | Lair:4   | Identified Sif Muna's Almanac of Congealing Orientation
                  | (Sif Muna gifted it to you on level 4 of the Lair of
                  | Beasts)
 16190 | Lair:4   | Received a gift from Sif Muna
 16247 | Lair:3   | HP: 3/81 [porcupine's spines (14)]
 16377 | Lair:3   | Slain by a black mamba

Levels and vault maps discovered:
D:1:      minmay_arrival_widening_spiral_wide, layout_loops_corners,
          serial_aquarium, aquarium_bridge_straight [aquarium_subvault_bridge,
          aquarium_subvault_wall, aquarium_subvault_bridge,
          aquarium_subvault_wall], aquarium_window_1, aquarium_window_fake,
          aquarium_view_2a, aquarium_view_2b
D:2:      layout_basic, minmay_bisected
D:3:      layout_rooms, fedhas_altar_fruit_tree, makhleb_heckhound_becter,
          first_ration
D:4:      minmay_angry_zag, layout_basic, nicolae_ru_awakened_eye,
          doesnt_xom_only_xom, minmay_temple_entry_proselytizer
D:5:      layout_gridville, gammafunk_ghost_mausoleum, basic_altar, uniq_ijyb
D:6:      layout_loops_ring
D:7:      layout_loops_corners, nicolae_dithmenos_the_darkroom,
          eat_drink_and_be_merry_uskayaw, nicolae_overflow_crystal_walls,
          kiku_gazebo_pond_becter, uniq_pikel
D:8:      layout_basic, cheibriados_altar_1, kennysheep_mini_moat,
          amethyst_overflow_temple_binary, minmay_lair_entry_grove,
          minivault_11, grunt_decor_cap, david_nohive_1
D:9:      layout_stronghold, serial_shops, nicolae_shop_trees
D:10:     layout_basic, orc_0_dummy, chequers_serial_rivers_micro_d
D:11:     layout_basic, uniq_nergalle, uniq_snorg
D:12:     minmay_the_grid_square_5x5_5x5_mashed
          [minmay_the_grid_square_5x5_two_small,
          minmay_the_grid_square_5x5_inner_i,
          minmay_the_grid_square_5x5_doubleslash,
          minmay_the_grid_square_5x5_forky, minmay_the_grid_square_5x5_tie,
          minmay_the_grid_square_5x5_minivault,
          minmay_the_grid_square_5x5_prize_itemx, minmay_the_grid_square_5x5_z,
          minmay_the_grid_square_5x5_prize_rear_guard,
          minmay_the_grid_square_5x5_seven,
          minmay_the_grid_square_5x5_beaten_path,
          minmay_the_grid_square_5x5_sharp_hourglass,
          minmay_the_grid_square_5x5_prize_deathbox,
          minmay_the_grid_square_5x5_detours,
          minmay_the_grid_square_5x5_longway,
          minmay_the_grid_square_5x5_half_checkered,
          minmay_the_grid_square_5x5_prize_junk,
          minmay_the_grid_square_5x5_minimal,
          minmay_the_grid_square_5x5_prize_waves,
          minmay_the_grid_square_5x5_two_walls_b,
          minmay_the_grid_square_5x5_shuriken,
          minmay_the_grid_square_5x5_moneybag, minmay_the_grid_square_5x5_mess,
          minmay_the_grid_square_5x5_c, minmay_the_grid_square_5x5_eight],
          layout_basic, serial_shops, nicolae_shop_waterfront
Temple:   jpeg_temple_alley_garden
Lair:1:   layout_regular_city, lemuel_oklob_altar, infiniplex_staircase_pool,
          uniq_urug
Lair:2:   layout_regular_city, shoals_dummy_entry, spider_nest_entry_funnel_web,
          gammafunk_ghost_necromancy, infiniplex_staircase_pool_2
Lair:3:   layout_cave_pods, roderic_batcave
Lair:4:   layout_roguey [special_room_mythical_zoo], gauntlet_entry_generic,
          grunt_megastairs_2, lemuel_fruit_tree, uniq_kirke

Skill      XL: |  1  2  3  4  5  6  7  8  9 10 11 12 13 |
---------------+----------------------------------------+-----
Long Blades    | 3 4 5 6 7 8 9 10 | 10.7
Shields        | 4 5 6 7 9 10 | 10.3
Stealth        | 3 4 6 7 |  7.1
Evocations     | 2 3 4 6 |  6.0
Spellcasting   | 1 3 4 5 7 8 |  8.1
Dodging        | 4 5 6 |  6.2
Summonings     | 1 3 4 5 6 |  6.2
Fighting       | 5 |  5.0
Necromancy     | 1 2 3 4 |  4.3
Hexes          | 3 |  3.1
Air Magic      | 2 4 |  4.6
Charms         | 3 |  3.0
Translocations | 2 |  2.0

Action                   |  1- 3 |  4- 6 |  7- 9 | 10-12 | 13-15 || total
-------------------------+-------+-------+-------+-------+-------++-------
Melee: Long sword        |    58 |    59 |   322 |   321 |       ||   760
       Constrict         |    21 |    16 |    59 |    84 |    15 ||   195
       Tentacles         |    12 |    13 |    59 |   169 |    28 ||   281
       Dagger            |       |       |       |   263 |   106 ||   369
       Scimitar          |       |       |       |   116 |     8 ||   124
 Fire: Hunting sling     |       |       |       |    17 |       ||    17
Throw: Stone             |     1 |       |       |       |       ||     1
       Dart              |     8 |    62 |    71 |    99 |     4 ||   244
       Boomerang         |       |       |    29 |     2 |       ||    31
       Javelin           |       |       |       |     1 |       ||     1
       Throwing net      |       |       |       |       |     1 ||     1
 Cast: Call Imp          |       |       |       |    23 |       ||    23
       Confusing Touch   |       |       |       |    60 |    20 ||    80
       Animate Skeleton  |       |       |       |    22 |     9 ||    31
       Regeneration      |       |       |       |    18 |    15 ||    33
       Summon Lightning  |       |       |       |     3 |     2 ||     5
       Shroud of Golubri |       |       |       |     2 |     1 ||     3
       Apportation       |       |       |       |     1 |       ||     1
       Call Canine Famil |       |       |       |     1 |       ||     1
 Abil: Evoke Berserk Rag |       |       |     1 |     1 |       ||     2
Evoke: Wand              |       |       |    11 |    52 |    10 ||    73
  Use: Scroll            |       |     3 |    12 |    12 |       ||    27
       Potion            |       |       |     2 |     6 |       ||     8
 Stab: Sleeping          |     7 |     5 |     5 |    14 |     6 ||    37
       Paralysed         |       |       |     2 |     3 |     2 ||     7
       Confused          |       |       |       |    46 |     9 ||    55
       Distracted        |       |       |       |     1 |     1 ||     2
  Eat: Chunk             |     1 |     4 |    13 |    27 |     5 ||    50
       Ration            |       |       |     1 |     3 |       ||     4
Armor: Skin              |     7 |     2 |    29 |    62 |     4 ||   104
Dodge: Dodged            |    21 |    24 |    86 |   262 |    36 ||   429
Block: Shield            |    21 |    15 |   106 |   333 |    41 ||   516
       Rpst.: Long sword |     6 |    11 |    22 |    28 |       ||    67
       Scimitar          |       |       |       |    14 |     2 ||    16

Table legend:
 A = Non-vault XP
 B = Vault XP
 C = Vault XP percentage of total XP
 D = Non-vault monster count
 E = Vault monster count
 F = Vault count percentage of total count
                 A         B        C        D         E       F
            +---------+---------+-------+---------+---------+-------
      Total |   26580 |   11926 |  31.0 |     292 |      72 |  19.8
            +---------+---------+-------+---------+---------+-------
        D:1 |      53 |       0 |   0.0 |      27 |       0 |   0.0
        D:2 |      64 |       8 |  11.1 |      19 |       4 |  17.4
        D:3 |      73 |      45 |  38.1 |      11 |       1 |   8.3
        D:4 |     886 |     236 |  21.0 |      39 |       5 |  11.4
        D:5 |     407 |     683 |  62.7 |      10 |       5 |  33.3
        D:6 |     772 |       0 |   0.0 |      22 |       0 |   0.0
        D:7 |     159 |     617 |  79.5 |       4 |       1 |  20.0
        D:8 |    1110 |    3034 |  73.2 |      23 |      27 |  54.0
        D:9 |    1081 |       0 |   0.0 |       9 |       0 |   0.0
       D:10 |    2356 |       0 |   0.0 |      29 |       0 |   0.0
       D:11 |    3236 |    1872 |  36.6 |      24 |       2 |   7.7
       D:12 |     829 |    2105 |  71.7 |      11 |       8 |  42.1
     Lair:1 |    3343 |     796 |  19.2 |      17 |       1 |   5.6
     Lair:2 |    5760 |    1429 |  19.9 |      21 |       5 |  19.2
     Lair:3 |    4977 |     301 |   5.7 |      20 |      11 |  35.5
     Lair:4 |    1474 |     800 |  35.2 |       6 |       2 |  25.0
            +---------+---------+-------+---------+---------+-------
